 Dungeon Crawl Stone Soup version bcrawl-1.17.1 (webtiles) character file.

Game seed: 15131267428087281557

2690 Freyura the Thaumaturge (level 9, -4/51 HPs)
             Began as a Fairy Air Elementalist on Oct 13, 2019.
             Slain by a vampire (10 damage)
             ... on level 6 of the Dungeon.
             The game lasted 00:28:09 (4591 turns).

Freyura the Thaumaturge (Fairy Air Elementalist)    Turns: 4591, Time: 00:28:09

Health: -4/51      AC: 12    Str:  6    XL:     9   Next: 64%
Magic:  0/24       EV: 21    Int: 21    God:
Gold:   114        SH:  6    Dex: 14    Spells: 26/27 levels left

rFire    . . .     SeeInvis .   (weapon restricted)
rCold    . . .     Gourm    .   (shield restricted)
rNeg     . . .     Faith    .   (armour unavailable)
rPois    .         Spirit   +   l - +0 helmet
rElec    .         Reflect  .   F - scarf {Spirit}
rCorr    +         Harm     .   t - +1 pair of gloves
MR       ++...                  A - +2 pair of boots of the Unbroken {MR+ rCorr}
Stlth    +.........             (no amulet)
HPRegen  0.17/turn              B - ring of protection from magic
MPRegen  0.19/turn              (no ring)

@: flying evasively
A: small, magic attunement, unstealthy, unfitting armour, able to fly, AC/SH +6
a: Stop Flying


You were on level 6 of the Dungeon.
You were not hungry.

You visited 2 branches of the dungeon, and saw 7 of its levels.
You also visited: Ossuary.

You collected 441 gold pieces.
You spent 327 gold pieces at shops.

Inventory:

Missiles
 z - 374 stones (quivered)
Armour
 l - a +0 helmet (worn)
 t - a +1 pair of gloves (worn)
 A - the +2 pair of boots of the Unbroken (worn) {MR+ rCorr}
   (You bought it in a shop on level 5 of the Dungeon)

   It affects your resistance to hostile enchantments.
   It provides partial protection from all sources of acid and corrosion.
 F - a scarf of spirit shield (worn)
Jewellery
 B - a ring of protection from magic (left hand)
Wands
 p - a wand of flame (10)
 s - a wand of disintegration (17)
 D - a wand of random effects (19)
Scrolls
 a - 3 scrolls of noise {unknown}
 d - a scroll of enchant weapon {unknown}
 e - 10 scrolls of identify {unknown}
 f - 3 scrolls of remove curse {unknown}
 g - a scroll of immolation {unknown}
 j - 3 scrolls of magic mapping {unknown}
 m - 2 scrolls of teleportation {unknown}
 o - a scroll of amnesia {unknown}
 r - a scroll of blinking {unknown}
 y - a scroll of summoning {unknown}
 C - a scroll of fear {unknown}
Potions
 b - a potion of flight
 h - a potion of cancellation {unknown}
 i - 2 potions of degeneration {unknown}
 k - a potion of heal wounds {unknown}
 n - 8 potions of curing {unknown}
 q - a potion of might {unknown}
 u - a potion of mutation {unknown}
 v - 2 potions of ambrosia {unknown}
 w - a potion of brilliance {unknown}
 x - a potion of agility {unknown}
Comestibles
 c - 11 rations {!d}
 E - 3 chunks of flesh


   Skills:
 + Level 7.7 Dodging
 - Level 1.5 Stealth
 * Level 9.8 Spellcasting
 + Level 7.3 Conjurations
 + Level 8.0 Air Magic


You had 26 spell levels left.
You knew the following spells:

 Your Spells              Type           Power        Failure   Level  Hunger
a - Shock                 Conj/Air       #####        1%          1    None

Your spell library contained the following spells:

 Spells                   Type           Power        Failure   Level  Hunger
 Swiftness                Chrm/Air       ####....     1%          2    None
 Static Discharge         Air            #####...     1%          3    None
 Airstrike                Air            #####.....   2%          4    None
 Dazzling Spray           Conj/Hex       ####..       4%          3    None
 Stone Arrow              Conj/Erth      ####..       4%          3    None
 Corona                   Hex            ##.....      7%          1    None
 Sandblast                Erth           ##....       7%          1    None
 Lightning Bolt           Conj/Air       #####.....   8%          5    None
 Ensorcelled Hibernation  Hex/Ice        ##....       10%         2    None
 Passwall                 Tmut/Erth      ##......     10%         2    None
 Confuse                  Hex            ##......     21%         3    None
 Tukima's Dance           Hex            ##......     21%         3    None
 Petrify                  Tmut/Erth      ##......     54%         4    None
 Lee's Rapid Deconstruct  Erth           ##........   88%         5    None


Dungeon Overview and Level Annotations

Branches:
Dungeon (6/12)             Temple (1/1) D:5

Altars:
Ashenzari
Cheibriados
Dithmenos
Fedhas
Gozag
Hepliaklqana
Kikubaaqudgha
Lugonu
Makhleb
Nemelex Xobeh
Okawaru
Qazlal
Ru
Trog
Uskayaw
Vehumet
Wu Jian
Xom
Yredelemnul
Zin
The Shining One

Shops:
D:5 [


Innate Abilities, Weirdness & Mutations

Your spells do not cause hunger and MP costs are reduced by 1.
Your bright wings attract enemies. (Stealth-)
You cannot fit into any form of body armour.
Your shimmering scales are hard and can block incoming attacks. (AC +6, SH +6)
You are small and have problems with some larger weapons.
You can fly continuously.


Message History

Casting: Shock (safe; 1% risk of failure)
Confirm with . or Enter, or press ? or * to list all spells.
Aiming: Shock (safe; 1% risk of failure)
Press: ? - help, Shift-Dir - straight line The zap hits something.
Something hits you.
* * * LOW HITPOINT WARNING * * *
Something bites you but does no damage.
Casting: Shock (safe; 1% risk of failure)
Confirm with . or Enter, or press ? or * to list all spells.
Aiming: Shock (safe; 1% risk of failure)
Press: ? - help, Shift-Dir - straight line The zap hits something.
Something hits you!
* * * LOW HITPOINT WARNING * * *
Something completely misses you.
Casting: Shock (safe; 1% risk of failure)
Confirm with . or Enter, or press ? or * to list all spells.
Aiming: Shock (safe; 1% risk of failure)
Press: ? - help, Shift-Dir - straight line The zap hits something.
Something hits you!
You die...

.......# #..#'## ##.#
##..##.# ####)8####
##..# #...##.#
+..'..###...#########
.......+
#..#8..#.............
#...##.#
#######.##...#########
##..##.#
#?[$((!#'###..#
....##.# .####+###.#
##.#
.......##..8#..#8..#
#.#
##########..'..{@.##
##.## # ######8.####
#...# # # ##....## #.#
#..## #
#######...##.###.#
#.## #
..............##.# #.#
#######........#.# #.#
# ##......##.# #.# ##
##.##.###.#####.# #.
#.##...........# ##


There were no monsters in sight!

Vanquished Creatures
  A hippogriff (D:6)
  6 yaks (D:6)
  3 ice beasts
  An ogre (D:5)
  2 bullfrogs (D:6)
  A gnoll sergeant (D:6)
  2 water moccasin zombies (Ossuary)
  A scorpion (D:6)
  5 wights (D:5)
  A howler monkey (D:5)
  2 crimson imps
  5 hounds
  An orc wizard (D:5)
  A bullfrog skeleton (D:5)
  Jessica (D:2)
  A centaur skeleton (D:5)
  2 worker ants
  2 hound skeletons
  A hound zombie (D:5)
  2 mummies (Ossuary)
  A worker ant zombie (D:5)
  7 gnolls
  An adder (D:6)
  A shadow imp (D:6)
  3 adder zombies
  4 dart slugs
  5 leopard geckos
  4 orcs
  3 ball pythons
  4 giant cockroaches
  5 gnoll zombies (Ossuary)
  4 goblins
  9 hobgoblins
  7 jackals
  2 quokkas (D:4)
  9 bats
  4 frilled lizards
  5 hobgoblin zombies (Ossuary)
  A jackal skeleton (D:4)
  6 kobolds
  6 kobold zombies (Ossuary)
  7 orc zombies (Ossuary)
  3 rats
142 creatures vanquished.

Notes
Turn   | Place    | Note
-------+----------+-------------------------------------------
     0 | D:1      | Freyura the Fairy Air Elementalist began the quest for the
                  | Orb.
     0 | D:1      | Reached XP level 1. HP: 11/11 MP: 6/6
   138 | D:1      | Reached XP level 2. HP: 17/17 MP: 7/7
   146 | D:1      | Reached skill level 3 in Spellcasting
   483 | D:2      | Reached XP level 3. HP: 21/21 MP: 9/9
   867 | D:2      | Noticed Jessica
   869 | D:2      | Killed Jessica
   869 | D:2      | Reached XP level 4. HP: 27/27 MP: 9/11
  1401 | D:3      | Found a sacrificial altar of Ru.
  1401 | D:3      | Found an iron altar of Okawaru.
  1504 | D:3      | Found a blossoming altar of Fedhas.
  1764 | D:4      | Reached skill level 4 in Spellcasting
  1764 | D:4      | Reached XP level 5. HP: 24/31 MP: 11/13
  1900 | D:4      | Found a radiant altar of Vehumet.
  1946 | D:4      | Reached skill level 5 in Air Magic
  2032 | D:4      | Reached XP level 6. HP: 32/36 MP: 14/14
  2428 | D:5      | Entered Level 5 of the Dungeon
  2472 | D:5      | Reached skill level 5 in Spellcasting
  2543 | D:5      | Noticed an ice beast
  2554 | D:5      | Killed an ice beast
  2585 | D:5      | Found a sand-covered staircase.
  2591 | Ossuary  | Entered an ossuary
  2619 | Ossuary  | Reached XP level 7. HP: 36/41 MP: 17/17
  2754 | D:5      | Found Kengi's Armour Shop.
  2774 | D:5      | Bought the +2 pair of boots of the Unbroken {MR+ rCorr} for
                  | 327 gold pieces
  2852 | D:5      | Reached skill level 6 in Spellcasting
  3017 | D:5      | Found a shimmering altar of Xom.
  3049 | D:5      | Reached skill level 5 in Dodging
  3340 | D:5      | Reached skill level 5 in Conjurations
  3342 | D:5      | Reached XP level 8. HP: 35/46 MP: 18/20
  3431 | D:5      | Reached skill level 7 in Spellcasting
  3534 | D:5      | Found a staircase to the Ecumenical Temple.
  3544 | Temple   | Entered the Ecumenical Temple
  3865 | D:6      | Noticed a hippogriff
  3871 | D:6      | Killed a hippogriff
  3874 | D:6      | Noticed a yak
  3875 | D:6      | Noticed a yak
  3877 | D:6      | Noticed a yak
  3878 | D:6      | Noticed a yak
  3879 | D:6      | Noticed a yak
  3881 | D:6      | Noticed a yak
  3886 | D:6      | Killed a yak
  3892 | D:6      | Killed a yak
  3892 | D:6      | Reached skill level 8 in Spellcasting
  3899 | D:6      | Killed a yak
  3899 | D:6      | Reached XP level 9. HP: 39/51 MP: 23/23
  3902 | D:6      | Reached skill level 9 in Spellcasting
  4591 | D:6      | Slain by a vampire

Skill      XL: |  1  2  3  4  5  6  7  8  9 |
---------------+----------------------------+-----
Spellcasting   | 3 4 5 6 8 9 |  9.8
Conjurations   | 2 3 4 5 6 7 |  7.3
Air Magic      | 4 5 6 7 8 |  8.0
Dodging        | 3 4 5 6 7 |  7.7
Stealth        | |  1.5

Action                   |  1- 3 |  4- 6 |  7- 9 || total
-------------------------+-------+-------+-------++-------
Melee: Unarmed           |       |       |     1 ||     1
 Cast: Shock             |    90 |   112 |   272 ||   474
  Eat: Chunk             |       |     5 |     6 ||    11
Armor: Skin              |     3 |     9 |    40 ||    52
Dodge: Dodged            |    18 |    43 |   116 ||   177
Block: Other             |     6 |     8 |    58 ||    72
